 Dungeon Crawl Stone Soup version 0.25-a0-734-g73332aeda9 (webtiles) character file.

Game seed: 14170944819032872464, levelgen mode: deterministic

2531994 iamserjio the Talismancer (level 27, 175/259 HPs)
             Began as an Octopode Gladiator on Apr 11, 2020.
             Was the Champion of Okawaru.
             Escaped with the Orb
             ... and 5 runes!
             The game lasted 03:31:07 (104424 turns).

iamserjio the Talismancer (Octopode Gladiator)    Turns: 104424, Time: 03:31:08

Health: 175/259    AC: 14    Str: 29    XL:     27
Magic:  40/40      EV: 40    Int: 26    God:    Okawaru [******]
Gold:   357        SH: 20    Dex: 20    Spells: 11/50 levels left

rFire    + + .     SeeInvis .   q - +6 broad axe "Spiderslayer" {holy, Str+6 Int+4}
rCold    + + +     Gourm    .   p - +5 kite shield {rF+}
rNeg     + + +     Faith    .   F - +2 hat {MR+}
rPois    +         Spirit   .   I - amulet of Vitality {Regen+ HP+15}
rElec    +         Reflect  .   J - ring "Jezuazia" {+Fly rPois rC+ Int+7}
rCorr    .         Harm     .   B - ring "Biomod" {rF+ rN+ Slay+2}
MR       ++++.                  r - ring of Phasing {EV+8}
Stlth    ++........             t - +3 ring of protection
HPRegen  0.93/turn              M - ring "Tareguris" {rPois rN+ MR+ Str+4}
MPRegen  0.27/turn              A - ring of Robustness {AC+8}
                                K - ring "Mousuoci" {rElec rC+ Str+2 Dex+2}
                                f - ring of Henun {rPois rC+ rN+}

@: heroism, deflect missiles
A: almost no armour, stealthy swim, amphibious, 8 rings, constrict 8, tentacle
spike 1, camouflage 1, robust 1, wild magic 1, gelatinous body 1
0: Orb of Zot
}: 5/15 runes: decaying, serpentine, slimy, silver, abyssal
a: Heroism, Finesse, Renounce Religion, Evoke Flight


You escaped.
You worshipped Okawaru.
Okawaru was exalted by your worship.
You were very hungry.

You visited 11 branches of the dungeon, and saw 57 of its levels.
You visited the Abyss 1 time.
You also visited: Gauntlet, Ice Cave, Wizlab and Desolation.

You collected 8734 gold pieces.
You spent 8377 gold pieces at shops.

Inventory:

Hand Weapons
 q - the +6 broad axe "Spiderslayer" (weapon) {holy, Str+6 Int+4}
   (You found it in the Desolation of Salt)

   It has been blessed by the Shining One to cause great damage to the undead
   and demons.
   It affects your strength (+6).
   It affects your intelligence (+4).
 y - a +2 broad axe of distortion
 T - a +9 broad axe of freezing
Missiles
 c - 9 throwing nets (quivered) {!f}
 k - 6 curare-tipped darts
Armour
 p - a +5 kite shield of fire resistance (worn)
 F - a +2 hat of magic resistance (worn)
Jewellery
 f - the ring of Henun (on tentacle) {rPois rC+ rN+}
   (You found it on level 3 of the Crypt)

   [ring of positive energy]

   It protects you from cold.
   It protects you from poison.
   It protects you from negative energy.
 g - an uncursed ring of see invisible
 i - an uncursed ring of fire
 j - the ring of the Mage {Wiz MR++ Int+3}
   (You took it off a spriggan defender on level 3 of the Depths)

   [ring of wizardry]

   It improves your spell success rate.
   It affects your intelligence (+3).
   It affects your resistance to hostile enchantments.
 r - the ring of Phasing (on tentacle) {EV+8}
   (You bought it in a shop on level 2 of the Snake Pit)

   [ring of evasion]

   It affects your evasion (+8).
 t - a +3 ring of protection (on tentacle)
 A - the ring of Robustness (on tentacle) {AC+8}
   (You bought it in a shop on level 2 of the Orcish Mines)

   [ring of protection]

   It affects your AC (+8).
 B - the ring "Biomod" (right tentacle) {rF+ rN+ Slay+2}
   (You found it on level 3 of the Crypt)

   [ring of positive energy]

   It affects your accuracy and damage with ranged weapons and melee attacks
   (+2).
   It protects you from fire.
   It protects you from negative energy.
 I - the amulet of Vitality (around mantle) {Regen+ HP+15}
   (You bought it in a shop on level 2 of the Snake Pit)

   [amulet of regeneration]

   It affects your health (+15).
   It increases your rate of regeneration.
 J - the ring "Jezuazia" (left tentacle) {+Fly rPois rC+ Int+7}
   (You acquired it on level 3 of the Elven Halls)

   [ring of protection from cold]

   It affects your intelligence (+7).
   It protects you from cold.
   It protects you from poison.
   It lets you fly.
 K - the ring "Mousuoci" (on tentacle) {rElec rC+ Str+2 Dex+2}
   (You bought it in a shop on level 2 of the Orcish Mines)

   [ring of protection from cold]

   It affects your strength (+2).
   It affects your dexterity (+2).
   It protects you from cold.
   It insulates you from electricity.
 M - the ring "Tareguris" (on tentacle) {rPois rN+ MR+ Str+4}
   (You found it on level 3 of the Crypt)

   [ring of positive energy]

   It affects your strength (+4).
   It protects you from poison.
   It protects you from negative energy.
   It affects your resistance to hostile enchantments.
 Q - an uncursed ring of resist corrosion
Wands
 a - a wand of scattershot (2)
 l - a wand of digging (1)
 s - a wand of clouds (5)
 x - a wand of iceblast (31)
 H - a wand of disintegration (101)
 U - a wand of paralysis (24)
 V - a wand of enslavement (39)
Scrolls
 e - 8 scrolls of fog
 h - 4 scrolls of holy word
 n - 11 scrolls of teleportation {@r3}
 u - 3 scrolls of identify {@r1}
 v - 10 scrolls of remove curse {@r2}
 G - 2 scrolls of fear
 N - 3 scrolls of silence
 P - 4 scrolls of blinking
 S - 2 scrolls of summoning
Potions
 b - 3 potions of cancellation
 m - 7 potions of haste
 o - 20 potions of curing {@q1}
 w - 7 potions of mutation
 z - 2 potions of ambrosia
 D - 9 potions of heal wounds
 E - 5 potions of lignification
 O - 8 potions of might
 R - 2 potions of invisibility
 W - 5 potions of magic
 X - 3 potions of resistance
Miscellaneous
 C - 3 boxes of beasts
 L - 6 phantom mirrors
 Y - a lightning rod (4/4)
 Z - a phial of floods
Comestibles
 d - 41 rations


   Skills:
 + Level 26.8(27) Fighting
   Level 3.0(8.0) Short Blades
 - Level 15.0(21.0) Axes
   Level 10.0(18.6) Polearms
 - Level 2.0(7.0) Throwing
 - Level 17.0(22.0) Dodging
 - Level 10.0(15.0) Shields
 - Level 12.0 Spellcasting
   Level 1.0 Conjurations
 - Level 13.0 Hexes
 - Level 6.0 Charms
 - Level 13.0 Summonings
 - Level 3.0 Necromancy
 - Level 5.0 Translocations
 - Level 6.0 Transmutations
   Level 1.0 Fire Magic
 - Level 6.0 Air Magic
 - Level 6.1 Earth Magic
   Level 2.0 Poison Magic
 - Level 9.4 Invocations
 O Level 27 Evocations


You had 11 spell levels left.
You knew the following spells:

 Your Spells              Type           Power        Failure   Level  Hunger
a - Animate Skeleton      Necr           N/A          2%          1    None
b - Animate Dead          Necr           N/A          16%         4    None
c - Silence               Hex/Air        ######....   3%          5    ###....
d - Summon Lightning Spi  Summ/Air       ######..     1%          4    None
e - Deflect Missiles      Chrm/Air       ######....   52%         6    #####..
f - Invisibility          Hex            #######.     4%          6    #####..
g - Passwall              Tmut/Erth      ######..     1%          2    None
h - Summon Butterflies    Summ           #######.     1%          1    None
i - Summon Mana Viper     Hex/Summ       #######.     1%          5    ###....
j - Swiftness             Chrm/Air       ######..     1%          2    None
k - Blink                 Tloc           N/A          1%          2    None
l - Apportation           Tloc           ######       1%          1    None

Your spell library contained the following spells:

 Spells                   Type           Power        Failure   Level  Hunger
 Corona                   Hex            #######      1%          1    None
 Infusion                 Chrm           ####         1%          1    None
 Sandblast                Erth           ######       1%          1    None
 Sting                    Tmut/Pois      ####         1%          1    None
 Summon Small Mammal      Summ           ####         1%          1    None
 Call Imp                 Summ           #######.     1%          2    None
 Corpse Rot               Necr/Air       N/A          1%          2    None
 Ensorcelled Hibernation  Hex/Ice        ######       1%          2    None
 Shroud of Golubria       Chrm/Tloc      ######       1%          2    None
 Slow                     Hex            #######.     1%          2    None
 Song of Slaying          Chrm           ######..     1%          2    None
 Call Canine Familiar     Summ           #######.     1%          3    None
 Confusing Touch          Hex            #######.     1%          3    None
 Dazzling Flash           Conj/Hex       ######       1%          3    None
 Inner Flame              Hex/Fire       ######..     1%          3    None
 Portal Projectile        Hex/Tloc       ######       1%          3    None
 Spectral Weapon          Hex/Chrm       ######..     1%          3    None
 Tukima's Dance           Hex            #######.     1%          3    None
 Cause Fear               Hex            #######...   1%          4    None
 Leda's Liquefaction      Hex/Erth       ######....   1%          4    None
 Pain                     Necr           ####         2%          1    None
 Poisonous Vapours        Pois/Air       #####.       2%          2    None
 Gell's Gravitas          Tloc           ######....   2%          3    None
 Lesser Beckoning         Tloc           ######....   2%          3    None
 Sublimation of Blood     Necr           #####.....   3%          2    None
 Fulminant Prism          Conj/Hex       ######....   3%          4    None
 Yara's Violent Unravell  Hex/Tmut       ######....   3%          5    ###....
 Foxfire                  Conj/Fire      ####         4%          1    None
 Magic Dart               Conj           ####         4%          1    None
 Spider Form              Tmut/Pois      #####.....   4%          3    None
 Stone Arrow              Conj/Erth      #####.       4%          3    None
 Summon Ice Beast         Ice/Summ       ######..     4%          4    None
 Ignite Poison            Fire/Tmut/Pois #####...     5%          3    None
 Mephitic Cloud           Conj/Pois/Air  #####...     5%          3    None
 Ozocubu's Armour         Chrm/Ice       #####...     5%          3    None
 Vampiric Draining        Necr           #####.....   5%          3    None
 Petrify                  Tmut/Erth      ######..     5%          4    None
 Searing Ray              Conj           ####..       6%          2    None
 Metabolic Englaciation   Hex/Ice        ######....   11%         5    ###....
 Conjure Flame            Conj/Fire      ####....     12%         3    None
 Blade Hands              Tmut           ######....   13%         5    ###....
 Lee's Rapid Deconstruct  Erth           ######....   13%         5    ###....
 Dispel Undead            Necr           #####...     16%         4    None
 Ice Form                 Ice/Tmut       #####...     16%         4    None
 Iskenderun's Mystic Bla  Conj/Tloc      #####...     16%         4    None
 Olgreb's Toxic Radiance  Pois           ####....     22%         4    None
 Excruciating Wounds      Chrm/Necr      ######....   22%         5    ###....
 Summon Hydra             Summ           #######...   22%         7    ######.
 Alistair's Intoxication  Tmut/Pois      #####...     28%         5    ###....
 Sticky Flame             Conj/Fire      ####....     32%         4    None
 Irradiate                Conj/Tmut      #####.....   32%         5    ###....
 Iskenderun's Battlesphe  Conj/Chrm      #####...     32%         5    ###....
 Agony                    Necr           #####...     38%         5    ###....
 Bolt of Magma            Conj/Fire/Erth #####.....   43%         5    ###....
 Hydra Form               Tmut           ######....   52%         6    #####..
 Statue Form              Tmut/Erth      ######...    52%         6    #####..
 Fireball                 Conj/Fire      ####......   65%         5    ###....
 Eringya's Noxious Bog    Tmut/Pois      #####.....   80%         6    #####..
 Conjure Ball Lightning   Conj/Air       #####.....   86%         6    #####..
 Iron Shot                Conj/Erth      #####.....   86%         6    #####..
 Spellforged Servitor     Conj/Summ      ######....   91%         7    ######.
 Freezing Cloud           Conj/Ice/Air   #####.....   95%         6    #####..
 Dragon Form              Tmut           ######....   97%         7    ######.
 Simulacrum               Ice/Necr       ####......   98%         6    #####..
 Ozocubu's Refrigeration  Ice            ###.......   100%        6    #####..
 Orb of Destruction       Conj           ####......   100%        7    ######.
 Ring of Flames           Chrm/Fire      #####.....   100%        7    ######.
 Chain Lightning          Conj/Air       #####.....   100%        8    #######
 Death's Door             Chrm/Necr      ######....   100%        8    #######
 Lehudib's Crystal Spear  Conj/Erth      #####.....   100%        8    #######
 Absolute Zero            Ice            ###.......   100%        9    #######
 Dragon's Call            Summ           #######...   100%        9    #######
 Fire Storm               Conj/Fire      ####......   100%        9    #######
 Shatter                  Erth           ######....   100%        9    #######
 Tornado                  Air            ######....   100%        9    #######


Dungeon Overview and Level Annotations

Branches:
Dungeon (15/15)            Temple (0/1) D:7            Lair (6/6) D:10
  Swamp (4/4) Lair:4        Snake (4/4) Lair:3        Slime (5/5) Lair:5
    Orc (2/2) D:9             Elf (3/3) Orc:2        Vaults (5/5) D:14
  Crypt (3/3) Vaults:2       Tomb (0/3) Crypt:3      Depths (5/5) D:15
    Zot (5/5) Depths:5      IceCv (visited)          WizLab (visited)
Desolation (visited)      Gauntlet (visited)

Altars:
Ashenzari
Cheibriados
Elyvilon
Fedhas
Kikubaaqudgha
Makhleb
Okawaru
Qazlal
Ru
Yredelemnul
The Shining One
Beogh

Shops:
Orc:2 *=:%   Elf:2 *   Snake:2 =}=   Vaults:2 %   Vaults:3 :   Vaults:4 :!!*
Vaults:5 !

Portals:
Hell: Depths:1 Depths:2 Depths:3 Depths:4 Depths:5
Abyss: Depths:1 Depths:4
Pandemonium: Depths:1 Depths:2 Depths:3 Depths:4
Ziggurat: Depths:2

Annotations:
D:14 2 runed translucent doors


Innate Abilities, Weirdness & Mutations

You cannot wear most types of armour.
You are very stealthy in the water. (Stealth+)
You are amphibious.
You can wear up to eight rings at the same time.
You can use your tentacles to constrict eight enemies at once.
Your skin changes colour to match your surroundings (Stealth+).
Your rubbery body absorbs attacks. (AC +1, EV +1)
One of your tentacles bears a spike.
You are robust. (+10% HP)
Your spells are a little harder to cast, but a little more powerful.


Message History

You kill the Tzitzimitl!
Okawaru accepts your kill.
You slice the hell hound!!
You kill the hell hound!
Okawaru accepts your kill. As you open the door, it creaks loudly!
There is an open door here.
Casting: Summon Mana Viper (safe; 1% risk of failure)
You don't know that spell.
Okay, then.
Casting: Summon Mana Viper (safe; 1% risk of failure) You're already deflecting missiles.
Unknown command.
Unknown command.
Casting: Deflect Missiles (very dangerous; 52% risk of failure) You're already deflecting missiles.
There is an open door here.
There is an open door here.
There is a staircase leading out of the dungeon here.
You have escaped!

######### #.......#
#.##'##.#
#####.#...#.#
##...#.#.@.#.#
##....#.##'##.#
#.....'.'.....#
######.....#'#######
##.........^.....#
...###...........#
#####...>........#
#.##........##
##.##........##


There were no monsters in sight!

Vanquished Creatures
  the Royal Jelly (Slime:5)
  5 ancient liches
  Khufu (Crypt:2)
  7 orbs of fire
  Mara (Swamp:4)
  2 greater mummies (Crypt:3)
  Boris (Crypt:3)
  2 Killer Klowns (Zot:5)
  Bai Suzhen (Crypt:1)
  3 caustic shrikes (Depths:5)
  2 curse toes (Zot:4)
  5 golden dragons
  4 bone dragons
  Nikola (Depths:2)
  A Tzitzimitl (D:1)
  4 electric golems
  The ghost of Aprye the Warrior, an adept HOFi of Fedhas (Elf:3)
  2 Brimstone Fiends
  11 liches
  A Hell Sentinel (D:10)
  9 tentacled monstrosities
  Asterion (Lair:3)
  23 Orb Guardians (Zot:5)
  8 titans
  6 deep elf master archers (Elf:3)
  3 quicksilver dragons
  4 deep elf blademasters
  8 death cobs
  An Executioner (Zot:3)
  30 acid blobs
  Kirke (Lair:4)
  3 sphinxes
  9 shadow dragons
  2 tentacled starspawn (Abyss:3)
  5 ancient champions (Crypt:3)
  2 thorn hunters
  12 storm dragons
  8 tengu reavers
  12 azure jellies
  9 nagarajas
  7 draconian monks
  A revenant (Crypt:1)
  The ghost of Anaz the Zephyrmancer, a journeyman DgAE (Snake:2)
  4 deep elf sorcerers
  An orc warlord (Elf:3)
  13 frost giants
  A juggernaut zombie (Depths:4)
  10 draconian scorchers
  13 draconian knights
  The ghost of Cral the Spry, a journeyman MfIE of Sif Muna (Swamp:1)
  13 fire giants
  A ghost moth (Zot:5)
  2 imperial myrmidons (Desolation)
  11 vault wardens
  2 cacodemons (D:15)
  A curse skull (Crypt:1)
  3 ghouls
  2 draconian shifters (Zot:1)
  5 deep elf elementalists
  9 ironheart preservers
  The ghost of Anaz the Basher, a journeyman DgAE (Snake:1)
  2 draconian stormcallers
  2 war gargoyles
  5 draconian annihilators
  26 stone giants
  32 very ugly things
  6 spriggan defenders
  8 black draconians
  19 yellow draconians
  11 deep elf annihilators
  8 vampire knights
  10 green draconians
  6 deep elf demonologists
  A halazid warlock (Desolation)
  4 white draconians
  A minotaur (Gauntlet)
  3 red draconians
  3 spark wasps
  A blizzard demon (Elf:1)
  13 ettins
  7 purple draconians
  10 deep elf death magi
  2 green deaths
  Snorg (Orc:1)
  6 eidola
  A merfolk javelineer (Elf:3)
  10 fire dragons
  5 crystal guardians
  A death ooze (Slime:5)
  3 jiangshi (Crypt:1)
  7 ragged hierophants (Desolation)
  4 deep elf high priests
  19 yaktaur captains
  Erolcha (Orc:1)
  12 ice dragons
  28 vault guards
  12 servants of whispers (Desolation)
  15 great orbs of eyes
  4 shambling mangroves
  7 rakshasas
  3 spriggan air magi
  3 quicksilver dragon skeletons (Crypt:3)
  13 anacondas
  3 peacekeepers (Desolation)
  27 hydras
  A juggernaut simulacrum (Depths:4)
  16 naga warriors
  2 ghost crabs
  A catoblepas (Lair:6)
  9 centaur warriors
  4 deep troll shamans
  11 alligators
  2 death knights
  33 dancing weapons
  5 death yaks
  9 naga sharpshooters
  A death scarab (Gauntlet)
  2 hell hogs (Depths:5)
  31 two-headed ogres
  12 ogre magi
  16 deep troll earth magi
  7 vampire magi
  9 tengu warriors
  An orc high priest (Elf:1)
  11 shock serpents
  2 titan zombies
  A soul eater (Crypt:1)
  8 spriggan berserkers
  A sun demon (Depths:3)
  A titan skeleton (Crypt:3)
  6 hell knights
  2 shadow wraiths
  4 wretched stars (Abyss:3)
  A fire crab (shapeshifter) (Depths:3)
  3 sixfirhies
  8 unseen horrors
  22 deep elf knights
  A ghost moth zombie (Crypt:3)
  66 skeletal warriors
  3 salamander mystics
  A death drake (shapeshifter) (Vaults:1)
  28 deep trolls
  A golden dragon zombie (Crypt:1)
  4 spriggan druids
  13 deep elf archers
  4 wizards
  2 glowing orange brains
  A spatial maelstrom (Abyss:3)
  A glowing orange brain (shapeshifter) (Depths:1)
  A golden dragon skeleton (Depths:4)
  6 flayed ghosts
  6 swamp dragons
  5 naga ritualists
  An orange crystal statue (Zot:5)
  5 necromancers
  20 ironbrand convokers
  8 phantasmal warriors
  10 harpies
  13 mana vipers
  5 wolf spiders
  18 orc knights
  A manticore (D:14)
  6 oklob plants
  57 ugly things
  59 deep elf magi
  A harpy (shapeshifter) (Vaults:3)
  2 shadow dragon skeletons (Crypt:3)
  4 shining eyes
  9 salamanders
  46 slime creatures
  A cyclops (shapeshifter) (Depths:3)
  6 orc sorcerers
  3 cyclopes
  23 moths of wrath
  A stone giant zombie (Vaults:5)
  A sphinx skeleton (Crypt:2)
  A worldbinder (Abyss:3)
  3 iron dragon skeletons
  A frost giant skeleton (Crypt:3)
  A rust devil (Depths:1)
  4 fire giant skeletons
  A stone giant skeleton (Crypt:3)
  38 black mambas
  An apocalypse crab (Abyss:3)
  17 naga magi
  An orange demon (D:15)
  A molten gargoyle (Desolation)
  A guardian serpent (shapeshifter) (Vaults:3)
  14 guardian serpents
  9 vault sentinels
  3 smoke demons (D:15)
  An eye of devastation (Slime:5)
  A dire elephant skeleton (Crypt:3)
  12 spiny frogs
  A human zombie (Vaults:2)
  A hellion (Depths:3)
  A water nymph (shapeshifter) (D:15)
  A pale draconian zombie (Crypt:1)
  A white draconian zombie (Crypt:1)
  A komodo dragon (shapeshifter) (Depths:2)
  A rime drake (Lair:6)
  A kobold demonologist (D:15)
  A red draconian zombie (Crypt:1)
  A hellwing (D:15)
  4 komodo dragons
  7 freezing wraiths
  45 yaktaurs
  A pale draconian skeleton (Crypt:3)
  2 elf skeletons
  A white draconian skeleton (Crypt:3)
  2 ice devils
  2 tengu conjurers
  An ancient zyme (Abyss:3)
  A catoblepas skeleton (Crypt:2)
  A death drake zombie (Crypt:1)
  3 queen bees
  9 guardian mummies
  9 trolls
  A harpy zombie (D:15)
  A polar bear (shapeshifter) (Depths:3)
  10 meliai
  Grinder (D:5)
  9 polar bears
  A harpy skeleton (Crypt:2)
  3 meliai (shapeshifter)
  22 blink frogs
  5 tyrant leeches
  A raiju (shapeshifter) (D:13)
  A raiju (Abyss:3)
  An ettin zombie (Abyss:3)
  12 bog bodies
  An alligator zombie (Crypt:2)
  20 hornets
  39 saltlings
  A slime creature (shapeshifter) (D:15)
  7 hippogriffs
  2 death drake skeletons (Crypt:2)
  A hippogriff (shapeshifter) (Vaults:3)
  An ice dragon zombie (Crypt:3)
  14 flying skulls
  4 dream sheep (Lair:4)
  Sigmund (D:2)
  A spectral black mamba (Gauntlet)
  A frost giant simulacrum (Vaults:2)
  4 air elementals
  2 fire giant simulacra
  A meliai zombie (D:12)
  13 starcursed masses (Abyss:3)
  A wyvern (D:10)
  A tarantella (Vaults:4)
  A redback (Vaults:4)
  2 yaks (shapeshifter)
  3 spriggans (shapeshifter)
  38 yaks
  9 spriggans
  10 water elementals
  A black mamba skeleton (Crypt:3)
  4 ettin skeletons (Crypt:3)
  5 shadows
  2 ynoxinuls
  A basilisk (Lair:1)
  6 wraiths
  2 ice dragon skeletons
  A human (shapeshifter) (Vaults:5)
  3 fire elementals
  A golden eye (shapeshifter) (Vaults:2)
  Eustachio (D:5)
  A chaos spawn (Abyss:3)
  7 golden eyes
  A neqoxec (Depths:1)
  12 vampire mosquitoes
  10 wargs
  A hungry ghost (D:7)
  9 small abominations
  Edmund (D:4)
  Menkaure (D:6)
  13 swamp worms
  7 insubstantial wisps
  42 nagas
  4 acid dragons
  5 water moccasins
  23 hell hounds
  An infernal demonspawn skeleton (Crypt:3)
  8 porcupines
  Duvessa (D:5)
  7 large abominations
  A water nymph skeleton (Crypt:1)
  17 swamp drakes
  An ice beast (Vaults:4)
  A spiny frog skeleton (Crypt:3)
  56 orc warriors
  4 sky beasts
  A manticore zombie (Crypt:3)
  3 phantoms
  3 necrophages
  6 black bears
  A fire dragon simulacrum (Crypt:2)
  A lindwurm zombie (Crypt:3)
  37 ogres
  10 wolves
  5 eyes of draining
  14 boggarts
  18 centaurs
  7 crocodiles
  2 big kobolds
  A bullfrog (shapeshifter) (Vaults:5)
  15 bullfrogs
  A gnoll sergeant (D:10)
  Dowan (D:5)
  A hornet simulacrum (D:15)
  3 earth elementals
  A polar bear zombie (Crypt:1)
  A queen bee zombie (Crypt:3)
  5 scorpions
  A cyclops skeleton (Crypt:2)
  A snapping turtle simulacrum (Crypt:2)
  20 wights
  An orc simulacrum (Vaults:2)
  48 killer bees
  A troll skeleton (Crypt:3)
  4 electric eels
  8 howler monkeys
  7 crimson imps
  A hound (shapeshifter) (Vaults:5)
  4 quasits
  2 bullfrog zombies
  2 centaur skeletons
  7 hounds
  15 jellies
  19 orc priests
  7 iguanas
  20 orc wizards
  Ijyb (D:5)
  14 worker ants
  A killer bee zombie (D:7)
  A dwarf zombie (Crypt:1)
  2 hound skeletons
  3 mummies
  A worker ant zombie (D:7)
  Robin (D:2)
  13 adders
  11 gnolls
  2 howler monkey skeletons
  11 shadow imps
  13 white imps
  An ufetubus (Depths:1)
  An ooze (D:3)
  An adder skeleton (D:4)
  2 adder zombies
  5 worms
  3 dart slugs
  6 leopard geckos
  94 orcs
  7 giant cockroaches
  16 goblins
  13 hobgoblins
  3 jackals (D:8)
  10 kobolds
  2 ball pythons
  15 bats
  5 frilled lizards
  A kobold simulacrum (Crypt:3)
  A leopard gecko skeleton (D:4)
  2 leopard gecko zombies (D:7)
  3 rats
  3 plants
  5 starspawn tentacles (Abyss:3)
2657 creatures vanquished.

Vanquished Creatures (collateral kills)
  A tentacled monstrosity (Zot:5)
  2 Orb Guardians (Zot:5)
  2 acid blobs
  2 nagarajas (Snake:4)
  A shadow dragon (Zot:1)
  A fire giant (Depths:5)
  A draconian stormcaller (Zot:1)
  3 very ugly things (Depths:1)
  An ironheart preserver (Vaults:5)
  2 stone giants (Depths:4)
  A green draconian (Zot:1)
  An entropy weaver (Vaults:4)
  A black draconian (Zot:1)
  An ettin (Depths:5)
  An ogre mage (D:14)
  5 hydras
  4 anacondas (Snake:4)
  A death yak (Lair:5)
  A naga sharpshooter (Snake:4)
  2 swamp dragons
  A naga ritualist (Snake:4)
  3 oklob plants
  2 ugly things
  A manticore (D:15)
  2 shining eyes
  2 naga magi (Snake:4)
  2 black mambas
  2 guardian serpents (Snake:4)
  3 centaur skeletons
  4 spiny frogs
  2 komodo dragons
  3 rime drakes
  A freezing wraith (Vaults:4)
  A troll (D:11)
  2 polar bears (Lair:6)
  A bog body (Lair:4)
  2 hornets
  4 blink frogs
  2 raiju (Lair:6)
  A hippogriff (Lair:3)
  2 wyverns
  4 hogs (Lair:4)
  2 yaks (Lair:6)
  3 vampire mosquitoes (D:15)
  3 nagas
  A swamp worm (Swamp:2)
  A warg (Lair:6)
  An insubstantial wisp (Swamp:1)
  2 acid dragons (Lair:6)
  3 hell hounds (Lair:6)
  2 water moccasins
  A floating eye (Lair:6)
  A porcupine (Lair:3)
  4 swamp drakes
  6 black bears (Lair:6)
  An ogre (Vaults:4)
  An orc warrior (Orc:2)
  7 wolves
  A phantom (D:6)
  A centaur (Orc:2)
  2 crocodiles
  3 bullfrogs
  A scorpion (D:14)
  A killer bee (D:7)
  A wight (D:14)
  A crimson imp (D:15)
  2 orc priests
  An orc wizard (D:9)
  An iguana (Lair:6)
  A gnoll (D:10)
  3 orcs
  A quokka (D:8)
  A fungus (Lair:6)
  5 plants
146 creatures vanquished.

Vanquished Creatures (others)
  An acid blob (Zot:1)
  A draconian knight (Zot:5)
  A vampire knight (Depths:3)
  A black draconian (Zot:1)
  A red draconian (Zot:2)
  An ettin (Depths:5)
  A deep troll (Depths:5)
  An orc sorcerer (Elf:2)
  A black mamba (Snake:3)
  A yaktaur (Vaults:1)
  An orc warrior (Orc:2)
  A human (Lair:4)
  A naga (Snake:4)
  An orc wizard (D:7)
  An orc (D:6)
  18 demonic plants (Gauntlet)
  9 fungi
  31 plants
  4 starspawn tentacles (Abyss:3)
77 creatures vanquished.

Grand Total: 2880 creatures vanquished

Notes
Turn   | Place    | Note
-------+----------+-------------------------------------------
     0 | D:1      | iamserjio the Octopode Gladiator began the quest for the
                  | Orb.
     0 | D:1      | Reached XP level 1. HP: 14/14 MP: 1/1
   134 | D:1      | Reached XP level 2. HP: 18/20 MP: 2/2
   529 | D:1      | Reached XP level 3. HP: 19/26 MP: 3/3
  1036 | D:2      | Noticed Sigmund
  1703 | D:2      | Reached XP level 4. HP: 31/31 MP: 4/4
  1744 | D:2      | Learned a level 1 spell: Animate Skeleton
  1746 | D:2      | Learned a level 1 spell: Apportation
  1765 | D:2      | Learned a level 1 spell: Corona
  1792 | D:2      | Reached skill level 1 in Shields
  1983 | D:2      | Reached skill level 1 in Necromancy
  1983 | D:2      | Reached XP level 5. HP: 31/37 MP: 5/5
  2406 | D:2      | Noticed Robin
  2436 | D:2      | Killed Robin
  2670 | D:3      | Reached skill level 1 in Spellcasting
  3098 | D:3      | Reached XP level 6. HP: 22/44 MP: 7/7
  3257 | D:3      | Learned a level 1 spell: Summon Small Mammal
  4118 | D:4      | Reached skill level 5 in Fighting
  4483 | D:4      | Reached XP level 7. HP: 34/50 MP: 10/10
  5082 | D:5      | Entered Level 5 of the Dungeon
  5473 | D:5      | Noticed Edmund
  5748 | D:4      | Killed Edmund
  5858 | D:5      | Noticed Ijyb
  5868 | D:5      | Killed Ijyb
  5874 | D:5      | Noticed Duvessa
  5898 | D:5      | Killed Duvessa
  5903 | D:4      | Reached XP level 8. HP: 34/58 MP: 11/11
  6355 | D:5      | Learned a level 2 spell: Slow
  6360 | D:5      | Learned a level 4 spell: Cause Fear
  6362 | D:5      | Found a burning altar of Makhleb.
  6370 | D:5      | Noticed Grinder
  6401 | D:5      | Found a basalt altar of Yredelemnul.
  6463 | D:5      | Found an iron altar of Okawaru.
  6477 | D:5      | Reached skill level 1 in Hexes
  6658 | D:5      | Became a worshipper of Warmaster Okawaru
  6828 | D:5      | Noticed Eustachio
  6848 | D:5      | Killed Eustachio
  7389 | D:6      | Reached skill level 5 in Dodging
  7421 | D:6      | Found a white marble altar of Elyvilon.
  7573 | D:5      | Noticed Dowan
  7935 | D:5      | Killed Dowan
  8040 | D:6      | Reached * piety under Okawaru
  8040 | D:6      | Reached XP level 9. HP: 66/66 MP: 12/12
  8354 | D:6      | Noticed Menkaure
  8591 | D:6      | Killed Menkaure
  8591 | D:6      | Reached skill level 1 in Invocations
  8633 | D:6      | Reached skill level 1 in Evocations
  9451 | D:7      | Found a snail-covered altar of Cheibriados.
  9464 | D:7      | Reached skill level 2 in Evocations
  9659 | D:7      | Reached ** piety under Okawaru
  9800 | D:7      | Found a sacrificial altar of Ru.
  9913 | D:7      | Found a staircase to the Ecumenical Temple.
 10008 | D:7      | Identified the cursed +0 chain mail "Dionove" {*Slow +Blink
                  | Str+3 Int+2}
 10058 | D:7      | Reached skill level 3 in Evocations
 10326 | D:8      | Reached skill level 4 in Evocations
 10437 | D:8      | Learned a level 2 spell: Passwall
 10526 | D:8      | Reached XP level 10. HP: 72/73 MP: 13/13
 11333 | D:8      | Found a shattered altar of Ashenzari.
 11633 | D:9      | Found a staircase to the Orcish Mines.
 11856 | D:9      | Reached skill level 5 in Evocations
 11862 | D:9      | Reached skill level 5 in Shields
 12967 | D:9      | Found a staircase to the Orcish Mines.
 13514 | D:10     | Entered Level 10 of the Dungeon
 13584 | D:10     | Reached *** piety under Okawaru
 13987 | D:10     | Reached XP level 11. HP: 44/80 MP: 15/15
 14106 | D:10     | Reached skill level 6 in Evocations
 14299 | D:10     | Noticed an unseen horror
 14321 | D:10     | Killed an unseen horror
 14321 | D:10     | Reached **** piety under Okawaru
 14501 | D:10     | Found a staircase to the Lair.
 15174 | D:11     | Reached skill level 1 in Polearms
 15282 | D:11     | Received a gift from Okawaru
 15553 | D:11     | Noticed an unseen horror
 15570 | D:11     | Killed an unseen horror
 15934 | D:11     | Noticed a red ugly thing
 15944 | D:11     | Killed a red ugly thing
 15974 | D:11     | Noticed a six-headed hydra
 15982 | D:11     | Killed a six-headed hydra
 16177 | D:11     | Reached ***** piety under Okawaru
 16282 | D:11     | Paralysed by a hornet for 1 turns
 16283 | D:11     | Reached skill level 5 in Polearms
 16913 | D:2      | Killed Sigmund
 17075 | D:5      | Paralysed by Grinder for 3 turns
 17084 | D:5      | Killed Grinder
 17230 | Lair:1   | Entered Level 1 of the Lair of Beasts
 17266 | Lair:1   | Found a frozen archway.
 17318 | IceCv    | Entered an ice cave
 17626 | Lair:1   | Received a gift from Okawaru
 17746 | Lair:1   | Reached XP level 12. HP: 87/87 MP: 18/18
 17845 | Lair:1   | Noticed a death yak
 17866 | Lair:1   | Killed a death yak
 18562 | Lair:1   | Learned a level 3 spell: Confusing Touch
 20581 | Lair:3   | Found a staircase to the Snake Pit.
 22145 | Lair:4   | Noticed a five-headed hydra
 22152 | Lair:4   | Killed a five-headed hydra
 22462 | Lair:4   | Reached skill level 10 in Fighting
 22631 | Lair:4   | Received a gift from Okawaru
 22649 | Lair:4   | Noticed Kirke
 22675 | Lair:4   | Killed Kirke
 22675 | Lair:4   | Reached skill level 10 in Shields
 22675 | Lair:4   | Reached skill level 5 in Invocations
 22675 | Lair:4   | Reached XP level 13. HP: 79/93 MP: 19/19
 22822 | Lair:4   | Found a staircase to the Swamp.
 23942 | Lair:5   | Found a staircase to the Slime Pits.
 24337 | Lair:5   | Learned a level 3 spell: Mephitic Cloud
 24567 | Lair:4   | Reached skill level 10 in Polearms
 24567 | Lair:4   | Reached skill level 1 in Air Magic
 24842 | Lair:5   | Reached skill level 1 in Poison Magic
 24920 | Lair:5   | Reached skill level 1 in Conjurations
 25968 | Lair:6   | Entered Level 6 of the Lair of Beasts
 26373 | Lair:6   | Reached skill level 5 in Spellcasting
 26414 | Lair:6   | Received a gift from Okawaru
 26463 | Lair:6   | Paralysed by a floating eye for 4 turns
 26480 | Lair:6   | Paralysed by a floating eye for 2 turns
 26484 | Lair:6   | Paralysed by a floating eye for 2 turns
 26489 | Lair:6   | Paralysed by a floating eye for 2 turns
 26498 | Lair:6   | Paralysed by a floating eye for 3 turns
 26682 | Lair:6   | Reached skill level 5 in Air Magic
 26682 | Lair:6   | Reached XP level 14. HP: 100/103 MP: 21/21
 29018 | Lair:6   | Got a steaming hand crossbow
 29133 | Lair:6   | Learned a level 3 spell: Ignite Poison
 29439 | D:12     | Reached skill level 1 in Transmutations
 29594 | D:12     | You fall into a shaft and drop 1 floor!
 29891 | D:13     | Reached skill level 1 in Fire Magic
 31003 | D:14     | Found a gate leading to a gauntlet.
 31007 | Gauntlet | Entered a Gauntlet
 31007 | Gauntlet | Found a transporter.
 31154 | Gauntlet | Found a transporter.
 31166 | Gauntlet | Found a transporter.
 31171 | Gauntlet | Found a transporter.
 31186 | Gauntlet | Found a transporter.
 31205 | Gauntlet | Found a transporter.
 31217 | Gauntlet | Found a transporter.
 31229 | Gauntlet | Found the macabre finger necklace {rN+}
 31229 | Gauntlet | Found a transporter.
 31235 | Gauntlet | Found a transporter.
 31248 | Gauntlet | Noticed a reaper
 31250 | Gauntlet | Found a transporter.
 31258 | Gauntlet | Found a large runed translucent door.
 31259 | Gauntlet | Found a large runed translucent door.
 31260 | Gauntlet | Found a large runed translucent door.
 31260 | Gauntlet | Found a large runed translucent door.
 31261 | Gauntlet | Found a runed translucent gate.
 31262 | Gauntlet | Found a transporter.
 31262 | Gauntlet | Found a runed translucent gate.
 31262 | Gauntlet | Noticed an entropy weaver
 31263 | Gauntlet | Found a runed translucent gate.
 31264 | Gauntlet | Found a large runed translucent door.
 31264 | Gauntlet | Found a large runed translucent door.
 31265 | Gauntlet | Found a large runed translucent door.
 31266 | Gauntlet | Found a large runed translucent door.
 31275 | Gauntlet | Found a large runed translucent door.
 31275 | Gauntlet | Found a large runed translucent door.
 31275 | Gauntlet | Found a runed translucent door.
 31275 | Gauntlet | Found a runed translucent door.
 31276 | Gauntlet | Found a large runed translucent door.
 31277 | Gauntlet | Found a large runed translucent door.
 31279 | Gauntlet | Found a transporter.
 31287 | Gauntlet | Found a large runed translucent door.
 31287 | Gauntlet | Found a large runed translucent door.
 31288 | Gauntlet | Found a large runed translucent door.
 31289 | Gauntlet | Found a large runed translucent door.
 31297 | Gauntlet | Found a transporter.
 31299 | Gauntlet | Found a transporter.
 31325 | Gauntlet | Found a transporter.
 31327 | Gauntlet | Found a transporter.
 31588 | Gauntlet | Found a transporter.
 31598 | Gauntlet | Got a slimy graven amulet
 31599 | Gauntlet | Identified the amulet of Uskayaw's Generosity {RegenMP
                  | MR++} (You found it in a Gauntlet)
 31608 | Gauntlet | Found a transporter.
 31634 | Gauntlet | Received a gift from Okawaru
 31695 | Gauntlet | Identified the Grimoire of Damaging Cold
 31701 | Gauntlet | Got a faintly glowing ruby amulet
 31963 | D:14     | Reached skill level 15 in Fighting
 32047 | D:14     | Found a stormy altar of Qazlal.
 32061 | D:14     | Identified the amulet "Enaithep" {+Rage rPois Int+3} (You
                  | found it in a Gauntlet)
 32109 | D:14     | Reached ****** piety under Okawaru
 32109 | D:14     | Reached XP level 15. HP: 88/116 MP: 24/24
 32146 | D:14     | Learned a level 2 spell: Blink
 32308 | D:14     | Reached skill level 1 in Translocations
 32431 | D:14     | Found a gate to the Vaults.
 32571 | D:14     | Found a runed translucent door.
 32572 | D:14     | Found a runed translucent door.
 32893 | D:14     | Found a runed translucent door.
 33276 | D:15     | Entered Level 15 of the Dungeon
 33310 | D:15     | Received a gift from Okawaru
 33310 | D:15     | Reached skill level 1 in Axes
 33322 | D:15     | Got a bloodstained tower shield {god gift}
 33453 | D:15     | Identified the +2 tower shield of Woabomaf {rC++ MP+9 Str-4
                  | Int+3} (Okawaru gifted it to you on level 15 of the
                  | Dungeon)
 33883 | D:15     | Reached skill level 5 in Axes
 34370 | D:15     | Identified the cursed +3 hand crossbow "Daum" {penet, rF++
                  | rN+} (You found it on level 6 of the Lair of Beasts)
 35195 | D:15     | Found a staircase to the Depths.
 35766 | Orc:1    | Entered Level 1 of the Orcish Mines
 35795 | Orc:1    | Noticed Erolcha
 35912 | Orc:1    | Killed Erolcha
 36205 | Orc:2    | Entered Level 2 of the Orcish Mines
 36414 | Orc:2    | Reached XP level 16. HP: 90/124 MP: 25/25
 36544 | Orc:2    | Found a roughly hewn altar of Beogh.
 36854 | Orc:2    | Found Zugie's Jewellery Emporium.
 36854 | Orc:2    | Found Utisez's Book Shop.
 36854 | Orc:2    | Found Dauseyg's Food Boutique.
 36859 | Orc:2    | Found Plog's General Store.
 36871 | Orc:2    | Bought the ring of Robustness {AC+8} for 1792 gold pieces
 36871 | Orc:2    | Found the ring of Robustness {AC+8}
 36987 | Orc:2    | Received a gift from Okawaru
 37220 | Orc:2    | Found a staircase to the Elven Halls.
 37538 | Orc:1    | Noticed Snorg
 37554 | Orc:1    | Killed Snorg
 38078 | Orc:2    | Bought the ring "Mousuoci" {rElec rC+ Str+2 Dex+2} for 663
                  | gold pieces
 38078 | Orc:2    | Bought a cursed amulet of inaccuracy for 28 gold pieces
 38078 | Orc:2    | Bought a cursed ring of teleportation for 63 gold pieces
 38117 | Elf:1    | Entered Level 1 of the Elven Halls
 38128 | Elf:1    | Reached skill level 10 in Axes
 38128 | Elf:1    | Reached skill level 1 in Earth Magic
 38179 | Elf:1    | Found a magical portal.
 38184 | WizLab   | Entered The Chambers of the Cloud Mage
 40174 | Elf:2    | Found Itza's Assorted Antiques.
 40186 | Elf:2    | Bought 2 inky potions for 48 gold pieces
 40482 | Elf:2    | Found a runed translucent gate.
 40482 | Elf:2    | Found a runed translucent gate.
 40483 | Elf:2    | Found a runed translucent gate.
 41259 | Elf:3    | Entered Level 3 of the Elven Halls
 41304 | Elf:3    | Noticed a deep elf blademaster
 41314 | Elf:3    | Killed a deep elf blademaster
 41314 | Elf:3    | Reached skill level 10 in Dodging
 41493 | Elf:3    | Reached XP level 17. HP: 115/130 MP: 26/26
 41700 | Elf:3    | Received a gift from Okawaru
 42247 | Elf:3    | Found a runed translucent gate.
 42247 | Elf:3    | Found a runed translucent gate.
 42248 | Elf:3    | Found a runed translucent gate.
 42248 | Elf:3    | Noticed a deep elf blademaster
 42248 | Elf:3    | Noticed Aprye's ghost (adept HOFi)
 42253 | Elf:3    | Found an iron altar of Okawaru.
 43043 | Elf:3    | Noticed a deep elf master archer
 43097 | Elf:3    | Received a gift from Okawaru
 43377 | Elf:3    | Killed a deep elf master archer
 43453 | Elf:3    | Identified the +9 hand axe "Nolylikki" {freeze, Int+4
                  | Stlth+}
 43510 | Elf:3    | Identified a scroll of acquirement
 43946 | Elf:3    | Identified the ring "Jezuazia" {+Fly rPois rC+ Int+7} (You
                  | acquired it on level 3 of the Elven Halls)
 43946 | Elf:3    | Identified Sif Muna's Catalogue of the Centipede (You
                  | acquired it on level 3 of the Elven Halls)
 44648 | Elf:3    | Identified the +9 plate armour of Derotyll {+Fly rC+}
 44648 | Elf:3    | Noticed a deep elf master archer
 44675 | Elf:3    | Killed a deep elf master archer
 44698 | Elf:3    | Noticed a deep elf master archer
 45053 | Elf:3    | Killed a deep elf master archer
 45572 | Elf:3    | Identified the +10 dire flail of Disaster {freeze, Int+2}
 45782 | Elf:3    | Received a gift from Okawaru
 45892 | Elf:3    | Noticed a deep elf master archer
 45917 | Elf:3    | Killed a deep elf master archer
 46189 | Elf:3    | Identified the Volume of Contamination and Ignition
 46272 | Elf:3    | Noticed a deep elf master archer
 46278 | Elf:3    | Noticed a deep elf master archer
 46284 | Elf:3    | Noticed a deep elf blademaster
 46304 | Elf:3    | Killed a deep elf blademaster
 46658 | Elf:3    | Killed a deep elf master archer
 46902 | Elf:3    | Killed a deep elf master archer
 47295 | Elf:3    | Got a sparkling tin ring
 47331 | Elf:3    | Found the +7 sceptre of Torment {pain, torment}
 47355 | Elf:3    | Received a gift from Okawaru
 47447 | Elf:3    | Identified Sif Muna's Catalogue of Shifting Feathers
 47961 | Elf:3    | Found a runed translucent gate.
 47962 | Elf:3    | Found a runed translucent gate.
 47963 | Elf:3    | Found a runed translucent gate.
 47965 | Elf:3    | Found an iron altar of Okawaru.
 48201 | Orc:2    | Learned a level 5 spell: Silence
 48206 | Orc:2    | Learned a level 4 spell: Summon Lightning Spire
 48218 | Orc:2    | Identified the ring "Imarayh" {Int+4 Stlth-} (You found it
                  | on level 3 of the Elven Halls)
 48419 | Swamp:1  | Entered Level 1 of the Swamp
 48449 | Swamp:1  | Reached skill level 1 in Summonings
 48449 | Swamp:1  | Reached XP level 18. HP: 123/142 MP: 30/30
 49138 | Swamp:1  | Got an ebony hand axe
 49320 | Swamp:1  | Found a runed translucent door.
 49321 | Swamp:1  | Identified the +5 trident "Yniurau" {pain, rC+ Dex+2
                  | Stlth+}
 49322 | Swamp:1  | Noticed Cral's ghost (journeyman MfIE)
 50064 | Swamp:2  | Identified the +10 hand axe of the Scavenger {vorpal, *Rage
                  | Int+7 Dex+2} (You found it on level 1 of the Swamp)
 51057 | Swamp:3  | Reached skill level 5 in Summonings
 51081 | Swamp:3  | Received a gift from Okawaru
 51093 | Swamp:3  | Got a faintly glowing spear {god gift}
 51669 | Swamp:3  | Identified the +10 spear of Defence by Offence {vorpal,
                  | +Rage +Fly rC+} (Okawaru gifted it to you on level 3 of the
                  | Swamp)
 51710 | Swamp:4  | Entered Level 4 of the Swamp
 51806 | Swamp:3  | Reached skill level 5 in Hexes
 52525 | Swamp:4  | Noticed Mara
 52541 | Swamp:4  | Noticed iamserjio's illusion
 52553 | Swamp:4  | Killed Mara
 52660 | Swamp:3  | Received a gift from Okawaru
 54827 | Swamp:4  | Got a decaying rune of Zot
 54901 | Swamp:4  | Reached XP level 19. HP: 120/148 MP: 31/31
 55192 | Snake:1  | Entered Level 1 of the Snake Pit
 55198 | Snake:1  | Noticed Asterion
 55222 | Lair:3   | Killed Asterion
 55502 | Snake:1  | Received a gift from Okawaru
 55781 | Snake:1  | Learned a level 6 spell: Deflect Missiles
 55802 | Snake:1  | Found a runed translucent gate.
 55803 | Snake:1  | Found a runed translucent gate.
 55804 | Snake:1  | Found a runed translucent gate.
 55804 | Snake:1  | Noticed Anaz's ghost (journeyman DgAE)
 56323 | Snake:2  | Reached skill level 1 in Charms
 56347 | Snake:2  | Received a gift from Okawaru
 56548 | Snake:2  | Found a transporter.
 56551 | Snake:2  | Found the +8 orange crystal plate armour {Archmagi, Int+3
                  | Clar}
 56551 | Snake:2  | Noticed Anaz's ghost (journeyman DgAE)
 56552 | Snake:2  | Found the +2 cloak of the Thief {+Fog Slay-2 SInv Stlth+}
 56566 | Snake:2  | Found a transporter.
 56604 | Snake:2  | Got a bone spear
 57283 | Snake:2  | Found Ifumoh's Jewellery Boutique.
 57284 | Snake:2  | Found Jiunwyt's Gadget Emporium.
 57285 | Snake:2  | Found Uggihauf's Jewellery Boutique.
 57290 | Snake:2  | Bought a cursed -3 ring of intelligence for 32 gold pieces
 57295 | Snake:2  | Identified the +7 spear "Uvucval" {vamp, +Rage rF+++ rC-
                  | Str-3} (You found it on level 2 of the Snake Pit)
 58577 | Snake:3  | Received a gift from Okawaru
 58670 | Snake:3  | Got an ancient hat {god gift}
 59445 | Snake:3  | Identified the +2 hat of Moabe {rPois rF- Slay-5 Stlth+}
                  | (Okawaru gifted it to you on level 3 of the Snake Pit)
 59448 | Snake:4  | Entered Level 4 of the Snake Pit
 59534 | Snake:4  | Found a shattered altar of Ashenzari.
 60950 | Snake:4  | Reached skill level 5 in Charms
 60958 | Snake:4  | Reached XP level 20. HP: 60/158 MP: 28/32
 62035 | Snake:4  | Received a gift from Okawaru
 62795 | Snake:4  | Got a serpentine rune of Zot
 62949 | Snake:2  | Bought the amulet of Vitality {Regen+ HP+15} for 1264 gold
                  | pieces
 62949 | Snake:2  | Found the amulet of Vitality {Regen+ HP+15}
 63132 | Vaults:1 | Entered Level 1 of the Vaults
 65060 | Vaults:2 | Received a gift from Okawaru
 65068 | Vaults:2 | Reached XP level 21. HP: 125/166 MP: 33/33
 65248 | Vaults:2 | You fall into a shaft and drop 2 floors!
 65343 | Vaults:4 | Found Zedier's General Store.
 65355 | Vaults:4 | Bought 2 scrolls of teleportation for 72 gold pieces
 65355 | Vaults:4 | Bought a potion of heal wounds for 60 gold pieces
 65373 | Vaults:4 | Found Diec's Distillery.
 65376 | Vaults:4 | Found Jilolod's Distillery.
 65379 | Vaults:4 | Bought a potion of might for 48 gold pieces
 65387 | Vaults:4 | Bought a potion of heal wounds for 115 gold pieces
 65776 | Vaults:4 | Found Ecvir's General Store.
 65878 | Vaults:4 | Found Wunyzun's Book Emporium.
 66846 | Vaults:3 | Found Casoocs's Book Shop.
 66877 | Vaults:3 | Found a ruined gateway.
 66901 | Desolati | Entered the Desolation of Salt
 66985 | Desolati | Reached skill level 10 in Hexes
 67362 | Desolati | Got a heavily runed golden amulet
 67385 | Desolati | Identified the Reference Book on Earth and Changing
 67394 | Desolati | Identified the Incunabulum of Unstable Translocation
 67413 | Desolati | Got a dazzling broad axe
 67416 | Desolati | Identified the +6 broad axe "Spiderslayer" {holy, Str+6
                  | Int+4} (You found it in the Desolation of Salt)
 67713 | Desolati | Received a gift from Okawaru
 67718 | Desolati | Got a wavering golden amulet
 67719 | Desolati | Identified Eklak's Guide on the Helpful Arsonist
 67734 | Desolati | Identified the amulet "Wofeil" {Spirit Int+3}
 67810 | Desolati | Reached skill level 10 in Summonings
 68152 | Desolati | Got a sparkling amethyst amulet
 68154 | Desolati | Got a glittering silver ring
 68217 | Desolati | Received a gift from Okawaru
 68241 | Vaults:3 | Identified the ring of Lipsebb {Ice rElec Str+2 Int+4
                  | Stlth-} (You found it in the Desolation of Salt)
 68528 | Vaults:3 | Reached skill level 7 in Evocations
 68798 | Vaults:3 | Reached XP level 22. HP: 168/174 MP: 34/34
 69107 | Vaults:3 | Identified the amulet "Megao" {Faith Str+4} (You found it
                  | in the Desolation of Salt)
 69328 | Vaults:3 | Reached skill level 8 in Evocations
 69434 | Vaults:2 | Found Anoets's Food Emporium.
 69870 | Vaults:2 | Found a staircase to the Crypt.
 69984 | Vaults:2 | Found a roughly hewn altar of Beogh.
 69989 | Vaults:2 | Reached skill level 9 in Evocations
 70792 | Depths:1 | Entered Level 1 of the Depths
 70803 | Depths:1 | Reached skill level 10 in Evocations
 70805 | Depths:1 | Reached skill level 10 in Spellcasting
 70950 | Depths:1 | Received a gift from Okawaru
 71058 | Depths:1 | Found a one-way gate leading to the halls of Pandemonium.
 71090 | Depths:1 | Reached skill level 11 in Evocations
 71293 | Depths:1 | Received a gift from Okawaru
 71313 | Depths:1 | Found a one-way gate to the infinite horrors of the Abyss.
 71339 | Depths:1 | Received a gift from Okawaru
 71515 | Depths:1 | Noticed a golden dragon
 71525 | Depths:1 | Reached skill level 12 in Evocations
 71537 | Depths:1 | Killed a golden dragon
 71678 | Depths:1 | Found a gateway to Hell.
 71816 | Depths:1 | Identified the amulet of Turphez {Faith Str+3} (You found
                  | it in the Desolation of Salt)
 71991 | Depths:2 | Found a glowing golden altar of the Shining One.
 72144 | Depths:2 | Found a gateway to a ziggurat.
 72238 | Depths:2 | Noticed Nikola
 72250 | Depths:2 | Killed Nikola
 72250 | Depths:2 | Received a gift from Okawaru
 72267 | Depths:2 | Reached skill level 13 in Evocations
 72535 | Depths:2 | Reached XP level 23. HP: 180/180 MP: 35/37
 73026 | Depths:2 | Identified the amulet "Alioxoh" {Inacc Dex+4} (You found it
                  | in the Desolation of Salt)
 73103 | Depths:2 | Got a spiked hat {god gift}
 73318 | Depths:2 | Identified the +2 hat "Yplatuja" {Int+2} (Okawaru gifted it
                  | to you on level 2 of the Depths)
 73425 | Depths:3 | Reached skill level 14 in Evocations
 74485 | Depths:3 | Found a blossoming altar of Fedhas.
 74539 | Depths:3 | Reached skill level 15 in Dodging
 74541 | Depths:3 | Reached skill level 15 in Evocations
 74899 | Depths:3 | Received a gift from Okawaru
 74904 | Depths:3 | Got a polished buckler {god gift}
 75587 | Depths:3 | Identified the +0 buckler of Vanity {Regen+} (Okawaru
                  | gifted it to you on level 3 of the Depths)
 75627 | Depths:4 | Reached XP level 24. HP: 187/187 MP: 37/37
 75684 | Depths:4 | Reached skill level 16 in Evocations
 76222 | Depths:4 | Reached XP level 25. HP: 165/193 MP: 37/37
 76802 | Depths:4 | You fall into a shaft and drop 1 floor!
 76802 | Depths:5 | Entered Level 5 of the Depths
 76805 | Depths:4 | Found a stormy altar of Qazlal.
 77519 | Depths:4 | Reached skill level 15 in Axes
 77805 | Depths:4 | Reached skill level 17 in Evocations
 79230 | Depths:5 | Reached skill level 18 in Evocations
 79261 | Depths:5 | Received a gift from Okawaru
 79280 | Depths:5 | Received a gift from Okawaru
 79721 | Depths:5 | Reached skill level 19 in Evocations
 80176 | Depths:5 | Received a gift from Okawaru
 80216 | Depths:5 | Found a gate to the Realm of Zot.
 80309 | Depths:5 | Reached XP level 26. HP: 150/199 MP: 37/37
 81126 | Swamp:1  | Killed Cral's ghost
 81457 | Snake:1  | Killed Anaz's ghost
 81480 | Snake:1  | Identified the Grimoire of Flamy Cold
 81483 | Snake:1  | Identified the amulet of Leuvigumuown {Spirit Fragile rPois
                  | rC+ MR++} (You acquired it on level 1 of the Snake Pit)
 81483 | Snake:1  | Identified the Handbook of Calling (You acquired it on
                  | level 1 of the Snake Pit)
 81483 | Snake:1  | Identified the +1 war axe of Valuable Assets {venom, +Inv}
                  | (You acquired it on level 1 of the Snake Pit)
 81585 | Snake:2  | Killed Anaz's ghost
 81585 | Snake:2  | Reached skill level 20 in Evocations
 81655 | Snake:2  | Got a fine hat
 81658 | Snake:2  | Got a sapphire dire flail
 81674 | Snake:2  | Identified the +3 hat of Spring {Int+5 Dex+3} (You found it
                  | on level 2 of the Snake Pit)
 82739 | Elf:3    | Killed Aprye's ghost
 83245 | Snake:2  | Bought the ring of Phasing {EV+8} for 2048 gold pieces
 83245 | Snake:2  | Found the ring of Phasing {EV+8}
 83569 | Vaults:4 | Reached skill level 21 in Evocations
 83576 | Vaults:4 | Received a gift from Okawaru
 83632 | Vaults:5 | Entered Level 5 of the Vaults
 84024 | Vaults:5 | Reached skill level 22 in Evocations
 84038 | Vaults:5 | Received a gift from Okawaru
 84080 | Vaults:5 | Received a gift from Okawaru
 84140 | Vaults:5 | Got a crystal rapier {god gift}
 84255 | Vaults:5 | Identified the +8 rapier of the Kidney {freeze, *Slow rF-
                  | rC++ Int+8} (Okawaru gifted it to you on level 5 of the
                  | Vaults)
 84732 | Vaults:5 | Reached skill level 23 in Evocations
 84735 | Vaults:5 | Reached XP level 27. HP: 124/207 MP: 38/38
 84853 | Vaults:5 | Received a gift from Okawaru
 85190 | Vaults:5 | Found Tiqoenoo's Distillery.
 85190 | Vaults:5 | Identified the +2 chain mail "Utres" {Regen+ Str+6}
 85269 | Vaults:5 | Got a silver rune of Zot
 85634 | Vaults:5 | Identified Sif Muna's Papyrus of the Excruciating Mountains
 86008 | Vaults:5 | Reached skill level 24 in Evocations
 86298 | Vaults:5 | Noticed an ancient lich
 86416 | Vaults:5 | Killed an ancient lich
 86700 | Vaults:5 | Found the amulet of the Air {Inacc +Fly rElec EV+5 RMsl}
 87726 | Vaults:4 | Bought 2 potions of heal wounds for 230 gold pieces
 87726 | Vaults:4 | Bought a potion of haste for 230 gold pieces
 87726 | Vaults:4 | Bought a potion of haste for 230 gold pieces
 87847 | Crypt:1  | Entered Level 1 of the Crypt
 87877 | Crypt:1  | Got an ichor-stained great sword
 88441 | Crypt:1  | Reached skill level 25 in Evocations
 88864 | Crypt:1  | Noticed Bai Suzhen
 88890 | Crypt:1  | Killed Bai Suzhen
 89105 | Crypt:2  | Received a gift from Okawaru
 89131 | Crypt:2  | Got a dazzling battleaxe {god gift}
 89730 | Crypt:3  | Entered Level 3 of the Crypt
 89739 | Crypt:3  | Found a basalt altar of Yredelemnul.
 89842 | Crypt:3  | Noticed Boris
 89843 | Crypt:3  | Noticed Khufu
 89865 | Crypt:3  | Killed Boris
 89865 | Crypt:3  | Noticed a greater mummy
 89869 | Crypt:3  | Noticed a greater mummy
 90004 | Crypt:2  | Killed Khufu
 90004 | Crypt:2  | Reached skill level 26 in Evocations
 90475 | Crypt:3  | Killed a greater mummy
 90475 | Crypt:3  | Received a gift from Okawaru
 90479 | Crypt:3  | Killed a greater mummy
 90874 | Crypt:3  | Found a staircase to the Tomb.
 90963 | Crypt:3  | Received a gift from Okawaru
 90963 | Crypt:3  | Reached skill level 27 in Evocations
 91174 | Crypt:3  | Got a pitted demon trident {god gift}
 91175 | Crypt:3  | Identified the +8 demon trident of Levity {flame, +Rage MR+
                  | MP+9 Str-5} (Okawaru gifted it to you on level 3 of the
                  | Crypt)
 91262 | Crypt:3  | Found an ancient bone altar of Kikubaaqudgha.
 91336 | Crypt:3  | Noticed an ancient lich
 91356 | Crypt:3  | Killed an ancient lich
 91380 | Crypt:3  | Identified Guruffor's Collected Works on Evil
 91383 | Crypt:3  | Got a translucent pewter ring
 91384 | Crypt:3  | Identified the ring "Biomod" {rF+ rN+ Slay+2} (You found it
                  | on level 3 of the Crypt)
 91422 | Crypt:3  | Got a shimmering turquoise ring
 91422 | Crypt:3  | Got a clouded steel ring
 91424 | Crypt:3  | Identified the ring of Henun {rPois rC+ rN+} (You found it
                  | on level 3 of the Crypt)
 91425 | Crypt:3  | Identified the ring "Tareguris" {rPois rN+ MR+ Str+4} (You
                  | found it on level 3 of the Crypt)
 92530 | Depths:2 | Learned a level 6 spell: Invisibility
 92532 | Depths:2 | Learned a level 1 spell: Summon Butterflies
 92800 | Slime:1  | Entered Level 1 of the Pits of Slime
 92969 | Slime:3  | Received a gift from Okawaru
 93229 | Slime:5  | Entered Level 5 of the Pits of Slime
 93344 | Slime:5  | Noticed the Royal Jelly
 93356 | Slime:5  | Killed the Royal Jelly
 94034 | Slime:5  | Found the brooch of Shielding {Reflect SH+8}
 94040 | Slime:5  | Found the +8 whip "Snakebite" {curare, rPois}
 94172 | Slime:5  | Got a slimy rune of Zot
 94238 | Slime:5  | Learned a level 4 spell: Animate Dead
 94459 | Orc:2    | Bought a book of Beasts for 880 gold pieces
 94465 | Orc:2    | Learned a level 5 spell: Summon Mana Viper
 94468 | Orc:2    | Learned a level 2 spell: Swiftness
 94764 | Vaults:4 | Bought a potion of might for 92 gold pieces
 94764 | Vaults:4 | Bought a potion of curing for 69 gold pieces
 95080 | Zot:1    | Entered Level 1 of the Realm of Zot
 95117 | Zot:1    | Noticed an orb of fire
 95299 | Depths:5 | Received a gift from Okawaru
 95306 | Depths:5 | Identified the +1 kite shield "Lempynin" {+Fly MR+ Str+2}
                  | (Okawaru gifted it to you on level 5 of the Depths)
 95418 | Zot:1    | Gained mutation: Scrolls take you a little longer to read.
                  | [an orb of fire]
 95422 | Zot:1    | Killed an orb of fire
 96542 | Zot:1    | Reached skill level 5 in Transmutations
 96542 | Zot:1    | Reached skill level 5 in Earth Magic
 97045 | Zot:1    | Cast into level 3 of the Abyss (yellow draconian knight)
 97080 | Abyss:3  | Reached skill level 5 in Translocations
 97126 | Abyss:3  | Learned a level 1 spell: Apportation
 97131 | Abyss:3  | Identified the Grimoire of the Excruciating Escort (You
                  | acquired it on level 3 of the Abyss)
 97131 | Abyss:3  | Identified the +8 hand axe of Courage {vorpal, rF++ Int+2
                  | Dex-4} (You acquired it on level 3 of the Abyss)
 97150 | Abyss:3  | Received a gift from Okawaru
 97195 | Abyss:3  | Got an abyssal rune of Zot
 97444 | Zot:1    | Escaped the Abyss
 98095 | Vaults:4 | Bought a potion of might for 92 gold pieces
 98095 | Vaults:4 | Bought a potion of curing for 69 gold pieces
 98103 | Vaults:4 | Bought a potion of curing for 36 gold pieces
 98103 | Vaults:4 | Bought a potion of resistance for 120 gold pieces
 98103 | Vaults:4 | Bought a potion of magic for 96 gold pieces
 98833 | Zot:3    | Received a gift from Okawaru
 99541 | Zot:4    | Noticed an orb of fire
 99618 | Zot:4    | Killed an orb of fire
 99983 | Zot:5    | Entered Level 5 of the Realm of Zot
101769 | Zot:5    | Received a gift from Okawaru
101879 | Zot:5    | Noticed an orb of fire
101880 | Zot:5    | Gained mutation: You are weak. (Str -2) [an orb of fire]
101897 | Zot:5    | Gained mutation: Your body sometimes deteriorates upon
                  | taking damage. [an orb of fire]
101901 | Zot:5    | Killed an orb of fire
102105 | Zot:5    | Noticed an orb of fire
102150 | Zot:5    | Gained mutation: You are dopey. (Int -2) [an orb of fire]
102151 | Zot:5    | Gained mutation: You are clumsy. (Dex -2) [an orb of fire]
102157 | Zot:5    | Killed an orb of fire
102161 | Zot:5    | Noticed an orb of fire
102173 | Zot:5    | Killed an orb of fire
102173 | Zot:5    | Received a gift from Okawaru
102175 | Zot:5    | Noticed an orb of fire
102175 | Zot:5    | Gained mutation: You are very clumsy. (Dex -4) [an orb of
                  | fire]
102187 | Zot:5    | Killed an orb of fire
102197 | Zot:5    | Noticed an ancient lich
102201 | Zot:5    | Killed an ancient lich
102203 | Zot:5    | Noticed an ancient lich
102207 | Zot:5    | Killed an ancient lich
102544 | Zot:5    | Received a gift from Okawaru
102628 | Zot:5    | Noticed an orb of fire
102647 | Zot:5    | Gained mutation: You are frail. (-10% HP) [an orb of fire]
102652 | Zot:5    | Killed an orb of fire
103199 | Zot:5    | Received a gift from Okawaru
103659 | Zot:5    | Lost mutation: Scrolls take you a little longer to read.
                  | [potion of mutation]
103659 | Zot:5    | Lost mutation: You are frail. (-10% HP) [potion of
                  | mutation]
103659 | Zot:5    | Lost mutation: You are very clumsy. (Dex -4) [potion of
                  | mutation]
103659 | Zot:5    | Gained mutation: You are partially covered in slimy green
                  | scales. (AC +2) [potion of mutation]
103659 | Zot:5    | Lost mutation: You are weak. (Str -2) [potion of mutation]
103660 | Zot:5    | Lost mutation: You are dopey. (Int -2) [potion of mutation]
103660 | Zot:5    | Lost mutation: Your body sometimes deteriorates upon taking
                  | damage. [potion of mutation]
103660 | Zot:5    | Lost mutation: You are clumsy. (Dex -2) [potion of
                  | mutation]
103660 | Zot:5    | Gained mutation: You expend magic power (3 MP) to
                  | strengthen your wands. [potion of mutation]
103660 | Zot:5    | Gained mutation: Your muscles are strong. (Str +2) [potion
                  | of mutation]
103668 | Zot:5    | Noticed an ancient lich
103683 | Zot:5    | Killed an ancient lich
103683 | Zot:5    | Received a gift from Okawaru
103766 | Zot:5    | Identified the +0 kite shield of Sepsifat {Dex+3 SInv}
                  | (Okawaru gifted it to you on level 5 of the Realm of Zot)
103773 | Zot:5    | Got the Orb of Zot
103997 | D:15     | Gained mutation: Scrolls take you a little longer to read.
                  | [a cacodemon]
103999 | D:15     | Gained mutation: You are frail. (-10% HP) [a cacodemon]
104011 | D:15     | Lost mutation: Your muscles are strong. (Str +2) [a
                  | cacodemon]
104021 | D:15     | Lost mutation: You expend magic power (3 MP) to strengthen
                  | your wands. [potion of mutation]
104021 | D:15     | Lost mutation: Scrolls take you a little longer to read.
                  | [potion of mutation]
104021 | D:15     | Lost mutation: You are frail. (-10% HP) [potion of
                  | mutation]
104021 | D:15     | Lost mutation: You are partially covered in slimy green
                  | scales. (AC +2) [potion of mutation]
104021 | D:15     | Gained mutation: Your spells are a little harder to cast,
                  | but a little more powerful. [potion of mutation]
104021 | D:15     | Gained mutation: One of your tentacles bears a spike.
                  | [potion of mutation]
104021 | D:15     | Gained mutation: You are robust. (+10% HP) [potion of
                  | mutation]
104284 | D:5      | Noticed Juom the pandemonium lord
104424 | D:$      | Escaped with the Orb!

Levels and vault maps discovered:
D:1:      ncdulo_smallfort, layout_rooms
D:2:      cheibrodos_pilgrimage, layout_loops_corners, first_ration,
          uniq_sigmund, uniq_robin
D:3:      wander_river, layout_loops_ring
D:4:      layout_rooms, chequers_serial_rivers_micro_d,
          nicolae_underground_beach
D:5:      layout_basic, okawaru_metal_pillars_1_2, yredelemnul_altar_generic,
          minmay_misc_feat_tower, bloody_makhleb, uniq_edmund, uniq_eustachio,
          uniq_ijyb, uniq_grinder, uniq_duvessa
D:6:      layout_basic, elyvilon_altar_4, st_stairs_14, uniq_menkaure
D:7:      layout_basic, nicolae_ru_great_annihilating_truth,
          lemuel_doored_altar, minmay_temple_entry_offerings
D:8:      layout_basic, old_standard_altar
D:9:      layout_loops_cross, david_orc_2
D:10:     layout_rooms, erik_lair_island
D:11:     layout_roguey
D:12:     layout_layer_cave
D:13:     layout_rooms, david_nohive_1
D:14:     layout_irregular_city, david_vaults_2, basic_altar,
          gauntlet_entry_generic, mikee_hates_you
D:15:     gammafunk_enter_depths_forms, layout_basic
Lair:1:   layout_cave_pods, portal_ice_cave_entry_imps, minmay_shattered_shrine
Lair:2:   layout_loops_ring
Lair:3:   layout_regular_city, minmay_snake_entry_guardpost_small,
          grunt_megastairs_4
Lair:4:   layout_gridlike, nicolae_swamp_entry_splash_gauntlet,
          hibernation_bobbens, lemuel_fruit_tree, infiniplex_staircase_pool,
          grunt_megastairs_1, uniq_kirke
Lair:5:   layout_big_grid, minmay_slime_entry_oklob_open, st_stairs_11
Lair:6:   guppyfry_lair_end_dragon, layout_loops_ring,
          hangedman_lair_caniforms_friends, disabler_island, grunt_megastairs_2,
          lemuel_fruit_fields
Swamp:1:  layout_basic_swamp, ebering_ghost_funeral_grove, hangedman_swamp_pad,
          swamp_pool5
Swamp:2:  layout_falls_marsh, evilmike_swamp_ruin_wall
Swamp:3:  layout_basic_swamp, infiniplex_staircase_pool_2, swamp_pool2,
          st_swamp_mini
Swamp:4:  swamp_basic_johnstein, layout_basic_swamp, uniq_mara
Snake:1:  layout_rooms, gammafunk_ghost_split, uniq_asterion
Snake:2:  layout_basic, gammafunk_ghost_berserking_beasts, minmay_shop_grove
Snake:3:  layout_misc_corridors, hangedman_snake_corridor_split,
          serial_bayou_shore_b
Snake:4:  grunt_snake_rune_serpentine_throne, layout_cave_town, basic_altar,
          drop_trap
Slime:1:  layout_caves
Slime:2:  layout_caves
Slime:3:  layout_caves
Slime:4:  layout_caves
Slime:5
Orc:1:    layout_caves, uniq_snorg, uniq_erolcha
Orc:2:    st_orc_rangers, layout_caves, statue_in_the_mist_lemuel,
          david_defended_altar_orc
Elf:1:    minmay_elf_arrival_circle, layout_onion_city, mu_enter_wizlab_2,
          serial_sigils_hangedman_quiver
Elf:2:    layout_geoelf_grid, serial_shops, shop
Elf:3:    minmay_elf_hall, layout_gridlike, gammafunk_ghost_fury_of_okawaru,
          st_stairs_8
Vaults:1: v_alt_pattern_4, nicolae_vaults_stairing_the_circle,
          vaults_room_pools, st_quartered_hall, vaults_room_semicircle,
          nicolae_vaults_what_the_h, vaults_room_door_ring, v_misc_14,
          hangedman_vaults_pinch, v_rooms_5, hangedman_vaults_impose,
          nicolae_vaults_little_squares_3, vaults_dpeg_encased_lava,
          layout_vaults_omnibox
Vaults:2: hangedman_vaults_maws, nicolae_vaults_little_squares_5,
          special_room_vaults [special_room_orc], minmay_crypt_entry_simple_box,
          v_misc_26, layout_vaults_omnigrid, serial_shops, nicolae_shop_stone
Vaults:3: ontoclasm_vaults_spin, nicolae_vaults_ring_of_whatevers,
          hangedman_vaults_snaps, nicolae_vaults_asterisk, serial_ice_h,
          nicolae_vaults_rhombus_6, nicolae_vaults_three_branches,
          ontoclasm_vaults_gateway, layout_vaults_big_cross,
          portal_desolation_entry_salt, serial_shops, nicolae_shop_stone
Vaults:4: vaults_room_pool, nicolae_vaults_yaktaur_gun_rack, v_rooms_2,
          v_alt_pattern_3, nicolae_vaults_windows_and_doors_thing,
          hangedman_vaults_maws, nicolae_vaults_angled_halls,
          vaults_room_hallway, v_misc_26, serial_ice_g, layout_vaults_big_room,
          serial_shops, nicolae_shop_trees, nicolae_shop_crystal, shop,
          nicolae_shop_trees, nicolae_shop_waterfront
Vaults:5
Crypt:1:  layout_gridlike, st_burial_chamber, uniq_bai_suzhen
Crypt:2:  layout_misc_corridors, minivault_27
Crypt:3:  church_of_pain_bobbens, layout_chaotic_city,
          tomb_entry_simple_bobbens, basic_altar, nicolae_crypt_ancient_font,
          uniq_boris, uniq_khufu
Depths:1: layout_small_grid, minmay_curled_crystal, abyss_entry,
          grunt_pan_entry_zigzag, hell_entry, drop_trap, kennysheep_two_boxes,
          firewood_loft
Depths:2: minmay_big_diamond_grid, layout_cave_pools, enter_ziggurat_c,
          pan_entry, pf_coc_iceberg, tso_altar, uniq_nikola
Depths:3: minmay_the_grid_triangle_9x9_recursive_2
          [minmay_the_grid_triangle_9x9_prize_top_heavy,
          minmay_the_grid_triangle_9x9_alien,
          minmay_the_grid_triangle_9x9_shrine,
          minmay_the_grid_triangle_9x9_stretched_checkered], layout_cave_shapes,
          hell_entry, rand_demon_pan_entry_5, kennysheep_cluttered_room,
          infiniplex_staircase_door_maze
Depths:4: regret_index_qazlal_generations, layout_basic,
          hangedman_decor_riveting, minmay_room_of_horrors, pan_entry,
          grunt_hell_entry_dis_mu, grunt_ministairs_6, kennysheep_small_circle
Depths:5: grunt_x_marks_the_spot, layout_basic, grunt_hell_horde
Zot:1:    lemuel_acid_trip, layout_onion
Zot:2:    layout_basic
Zot:3:    layout_basic, nicolae_zot_crop_circle
Zot:4:    layout_misc_corridors, hangedman_zot_diagonal_lockstep
Zot:5:    layout_basic, st_stairs_12, guppyfry_library_mini

Skill      XL: |  1  2  3  4  5  6  7  8  9 10 11 12 13 14 15 16 17 18 19 20 21 22 23 24 25 26 27 |
---------------+----------------------------------------------------------------------------------+-----
Fighting       | 3 4 5 6 7 8 9 10 12 15 16 18 20 21 22 26 | 26.8
Shields        | 1 2 3 4 6 8 10 | 10.0
Necromancy     | 1 2 3 |  3.0
Spellcasting   | 1 2 4 5 6 8 10 12 | 12.0
Dodging        | 4 5 7 8 9 10 11 12 13 15 17 | 17.0
Hexes          | 3 6 8 9 11 13 | 13.0
Invocations    | 4 5 6 7 9 |  9.4
Evocations     | 4 5 6 7 13 15 16 19 23 27 | 27.0
Polearms       | 6 9 10 | 10.0
Air Magic      | 5 6 |  6.0
Poison Magic   | 2 |  2.0
Conjurations   | 1 |  1.0
Transmutations | 2 6 |  6.0
Fire Magic     | 1 |  1.0
Translocations | 3 5 |  5.0
Axes           | 8 12 13 14 15 | 15.0
Earth Magic    | 2 6 |  6.1
Summonings     | 1 8 11 12 13 | 13.0
Charms         | 5 6 |  6.0
Short Blades   | |  3.0
Throwing       | |  2.0

Action                   |  1- 3 |  4- 6 |  7- 9 | 10-12 | 13-15 | 16-18 | 19-21 | 22-24 | 25-27 || total
-------------------------+-------+-------+-------+-------+-------+-------+-------+-------+-------++-------
Melee: Rapier            |    29 |       |       |       |       |       |       |       |       ||    29
       Constrict         |    21 |    41 |    59 |   107 |   171 |   143 |   179 |    98 |   350 ||  1169
       Tentacles         |    10 |    39 |    74 |   146 |   348 |   303 |   410 |   326 |  1165 ||  2821
       Short sword       |    37 |   147 |   304 |   332 |       |       |       |       |       ||   820
       Mace              |       |       |     1 |       |       |       |       |       |       ||     1
       Punch             |       |       |     1 |    10 |    33 |    32 |    43 |    42 |   145 ||   306
       Trident           |       |       |       |   305 |  1389 |       |       |       |       ||  1694
       Unarmed           |       |       |       |     6 |       |     1 |       |       |       ||     7
       Flail             |       |       |       |     3 |       |       |       |       |       ||     3
       Broad axe         |       |       |       |       |    89 |   855 |  1475 |  1020 |  3175 ||  6614
       War axe           |       |       |       |       |       |   198 |       |       |       ||   198
       Kick              |       |       |       |       |       |       |       |       |    18 ||    18
Throw: Throwing net      |     1 |       |     3 |       |       |       |       |       |     3 ||     7
       Dart              |       |     7 |    13 |       |       |       |       |       |       ||    20
       Stone             |       |     1 |     3 |       |       |       |       |       |       ||     4
       Javelin           |       |       |       |       |     3 |       |       |       |       ||     3
 Cast: Animate Skeleton  |       |       |    15 |    54 |   111 |    22 |     7 |    11 |     7 ||   227
       Slow              |       |       |       |     2 |       |       |       |       |       ||     2
       Apportation       |       |       |       |       |     6 |       |       |       |     4 ||    10
       Mephitic Cloud    |       |       |       |       |     5 |     6 |       |       |       ||    11
       Corona            |       |       |       |       |     1 |       |       |       |       ||     1
       Summon Lightning  |       |       |       |       |       |       |     8 |       |    10 ||    18
       Deflect Missiles  |       |       |       |       |       |       |     4 |       |     7 ||    11
       Blink             |       |       |       |       |       |       |     3 |     1 |       ||     4
       Summon Mana Viper |       |       |       |       |       |       |       |       |    31 ||    31
       Invisibility      |       |       |       |       |       |       |       |       |     6 ||     6
       Summon Butterflie |       |       |       |       |       |       |       |       |     3 ||     3
       Silence           |       |       |       |       |       |       |       |       |     3 ||     3
       Passwall          |       |       |       |       |       |       |       |       |     2 ||     2
Invok: Heroism           |       |       |     6 |    31 |    59 |    60 |    61 |    41 |   112 ||   370
       Finesse           |       |       |       |       |     1 |     1 |     1 |       |     7 ||    10
Evoke: Wand              |       |       |     4 |    47 |    37 |    12 |       |     1 |    16 ||   117
  Use: Scroll            |       |     9 |     4 |     8 |    20 |    16 |    14 |     8 |    40 ||   119
       Potion            |       |       |     1 |     1 |     4 |     2 |       |     1 |    11 ||    20
 Stab: Distracted        |     1 |     1 |     2 |     5 |    11 |     8 |     9 |     1 |    15 ||    53
       Held in net/web   |     1 |       |     1 |       |       |       |       |       |     4 ||     6
       Sleeping          |     4 |     5 |     4 |    13 |    10 |     2 |     6 |       |    12 ||    56
       Paralysed         |       |       |     1 |     1 |       |       |       |     6 |     2 ||    10
       Confused          |       |       |       |       |     3 |     6 |       |       |       ||     9
       Invisible         |       |       |       |       |       |       |       |       |    96 ||    96
  Eat: Chunk             |     2 |     9 |    16 |    25 |    31 |    24 |    15 |    13 |    23 ||   158
       Ration            |       |       |     1 |     4 |     4 |    10 |    10 |     3 |    24 ||    56
Armor: Skin              |    11 |     5 |     5 |    16 |    78 |   140 |   151 |   105 |   210 ||   721
Dodge: Dodged            |    55 |    49 |   178 |   288 |   411 |   488 |   721 |   603 |  1888 ||  4681
       Deflected         |       |       |       |       |       |       |    20 |    35 |    58 ||   113
Block: Buckler           |       |    13 |    63 |     2 |       |       |       |       |       ||    78
       Kite shield       |       |       |       |   235 |   772 |   779 |  1029 |   763 |  2102 ||  5680

Table legend:
 A = Non-vault XP
 B = Vault XP
 C = Vault XP percentage of total XP
 D = Non-vault monster count
 E = Vault monster count
 F = Vault count percentage of total count
                 A         B        C        D         E       F
            +---------+---------+-------+---------+---------+-------
      Total |  895297 | 1009589 |  53.0 |    1641 |    1127 |  40.7
            +---------+---------+-------+---------+---------+-------
        D:1 |      47 |       0 |   0.0 |      26 |       0 |   0.0
        D:2 |      52 |     369 |  87.6 |      14 |      21 |  60.0
        D:3 |     188 |       0 |   0.0 |      34 |       0 |   0.0
        D:4 |     324 |     169 |  34.3 |      14 |       1 |   6.7
        D:5 |     786 |     734 |  48.3 |      21 |       5 |  19.2
        D:6 |     778 |     251 |  24.4 |      12 |       3 |  20.0
        D:7 |     960 |      60 |   5.9 |      25 |       4 |  13.8
        D:8 |    1234 |       0 |   0.0 |      27 |       0 |   0.0
        D:9 |    3179 |      15 |   0.5 |      32 |       5 |  13.5
       D:10 |    3153 |     845 |  21.1 |      32 |       9 |  22.0
       D:11 |    5245 |       0 |   0.0 |      39 |       0 |   0.0
       D:12 |    1654 |       0 |   0.0 |      15 |       0 |   0.0
       D:13 |    4123 |    1357 |  24.8 |      24 |      18 |  42.9
       D:14 |   10730 |    2711 |  20.2 |      40 |       3 |   7.0
       D:15 |   24663 |    4301 |  14.8 |      45 |      11 |  19.6
     Lair:1 |     709 |    2153 |  75.2 |       3 |      19 |  86.4
     Lair:2 |    2682 |       0 |   0.0 |      13 |       0 |   0.0
     Lair:3 |    2722 |    3460 |  56.0 |      12 |       6 |  33.3
     Lair:4 |    7300 |    4311 |  37.1 |      22 |      15 |  40.5
     Lair:5 |    6989 |    1420 |  16.9 |      20 |       6 |  23.1
     Lair:6 |   10176 |   13524 |  57.1 |      35 |      79 |  69.3
    Swamp:1 |    9572 |    3800 |  28.4 |      28 |       5 |  15.2
    Swamp:2 |    8213 |       0 |   0.0 |      20 |       0 |   0.0
    Swamp:3 |   13882 |    5456 |  28.2 |      35 |       6 |  14.6
    Swamp:4 |    6615 |   31131 |  82.5 |      21 |      36 |  63.2
    Snake:1 |   10883 |    4302 |  28.3 |      22 |       7 |  24.1
    Snake:2 |   24605 |    8569 |  25.8 |      41 |      12 |  22.6
    Snake:3 |   12120 |    5802 |  32.4 |      20 |      14 |  41.2
    Snake:4 |   14819 |   43544 |  74.6 |      33 |      63 |  65.6
    Slime:1 |     268 |       0 |   0.0 |       1 |       0 |   0.0
    Slime:2 |     957 |       0 |   0.0 |       5 |       0 |   0.0
    Slime:3 |   18317 |       0 |   0.0 |      22 |       0 |   0.0
    Slime:4 |    7824 |       0 |   0.0 |      12 |       0 |   0.0
    Slime:5 |   15674 |   37440 |  70.5 |      14 |      18 |  56.2
      Orc:1 |    3010 |    2150 |  41.7 |      20 |       2 |   9.1
      Orc:2 |    3149 |    4318 |  57.8 |      38 |      37 |  49.3
      Elf:1 |   13191 |    2960 |  18.3 |      26 |       5 |  16.1
      Elf:2 |   23366 |   24378 |  51.1 |      40 |      29 |  42.0
      Elf:3 |   13234 |   69107 |  83.9 |      21 |      45 |  68.2
   Vaults:1 |   25284 |   28667 |  53.1 |      53 |      52 |  49.5
   Vaults:2 |   35013 |   12087 |  25.7 |      60 |      37 |  38.1
   Vaults:3 |   20781 |    9996 |  32.5 |      44 |      13 |  22.8
   Vaults:4 |   23185 |   15012 |  39.3 |      39 |      22 |  36.1
   Vaults:5 |   33939 |  138742 |  80.3 |      45 |      95 |  67.9
    Crypt:1 |   27801 |    6772 |  19.6 |      46 |       8 |  14.8
    Crypt:2 |   20199 |    9014 |  30.9 |      41 |       2 |   4.7
    Crypt:3 |   34264 |   90194 |  72.5 |      42 |      81 |  65.9
   Depths:1 |   30300 |    9795 |  24.4 |      39 |      15 |  27.8
   Depths:2 |    9395 |   41581 |  81.6 |      17 |      34 |  66.7
   Depths:3 |   41913 |   25142 |  37.5 |      44 |      22 |  33.3
   Depths:4 |   49502 |   51149 |  50.8 |      52 |      49 |  48.5
   Depths:5 |   53776 |   30308 |  36.0 |      40 |      25 |  38.5
      Zot:1 |   65595 |   39813 |  37.8 |      44 |      42 |  48.8
      Zot:2 |   19501 |       0 |   0.0 |      16 |       0 |   0.0
      Zot:3 |   10619 |    4537 |  29.9 |       8 |       2 |  20.0
      Zot:4 |   46389 |       0 |   0.0 |      20 |       0 |   0.0
      Zot:5 |   42223 |  163519 |  79.5 |      24 |      50 |  67.6
    Abyss:3 |   18225 |    7907 |  30.3 |      43 |      17 |  28.3
 Desolation |       0 |   43896 | 100.0 |       0 |      70 | 100.0
   Gauntlet |       0 |    2821 | 100.0 |       0 |       7 | 100.0
            +---------+---------+-------+---------+---------+-------
